 Dungeon Crawl Stone Soup version 0.19-a0-27-g415f530 (webtiles) character file.

47 M4edhros the Insei (level 3, -3/19 HPs)
             Began as a Vine Stalker Monk on May 2, 2016.
             Slain by Sigmund
             ... wielding a cursed -2 scythe
              (11 damage)
             ... on level 2 of the Dungeon.
             The game lasted 00:01:22 (330 turns).

M4edhros the Insei (Vine Stalker Monk)               Turns: 330, Time: 00:01:23

Health: -3/19      AC:  5    Str: 14    XL:     3   Next: 70%
Magic:  0/4        EV: 17    Int: 10    God:
Gold:   66         SH:  0    Dex: 21    Spells: 0 memorised, 2 levels left

rFire  . . .     SeeInvis .       - Unarmed
rCold  . . .     Gourm    .     e - +0 ring mail
rNeg   . . .     Faith    .     (no shield)
rPois  .         Spirit   +     (no helmet)
rElec  .         Dismiss  .     (no cloak)
rCorr  .         Reflect  .     (no gloves)
SustAt .         Harm     .     (no boots)
MR     .....                    (no amulet)
Stlth  ++........               (no ring)
                                (no ring)

@: confused, agile, not resistant to hostile enchantments, unstealthy
A: fangs 2, regeneration 1, magic shield, antimagic bite, no device heal 3, rot
immunity
a: no special abilities


You were on level 2 of the Dungeon.
You were not hungry.

You visited 1 branch of the dungeon, and saw 2 of its levels.

You collected 66 gold pieces.

Inventory:

Armour
 a - a +0 robe
 e - a +0 ring mail (worn)
Scrolls
 g - a scroll of amnesia {unknown}
Comestibles
 b - a bread ration
 c - 8 chunks of flesh
 f - a beef jerky


   Skills:
 - Level 2.6 Fighting
 - Level 2.4 Dodging
 - Level 2.4 Stealth
 + Level 5.3 Unarmed Combat


You had 2 spell levels left.
You didn't know any spells.

Dungeon Overview and Level Annotations

Branches:
Dungeon (2/15)

Altars:

Annotations:
D:2 Sigmund


Innate Abilities, Weirdness & Mutations

You have extremely sharp teeth.
Your natural rate of healing is unusually fast.
When hurt, damage is shared between your health and your magic reserves.
Your bite disrupts and absorbs the magic of your enemies.
Potions and wands cannot restore your health.
You are immune to rotting.


Message History

Sigmund points at you and mumbles some strange words.
You are more confused.
The kobold throws a stone.
The stone completely misses you. Sigmund gestures at you while chanting.
You are more confused.
You see here a stone.
The kobold throws a stone.
The stone barely misses you. Sigmund closely misses you.
You see here 12 stones.
The kobold throws a stone.
The stone barely misses you.
Sigmund casts a spell.
Sigmund flickers and vanishes!
Deactivating autopickup; reactivate with Ctrl-A.
The kobold throws a stone.
The stone misses you. Something hits you. Something hits you!
The kobold hits you but does no damage. Something hits you!
Ouch! That really hurt!
You die...

############ #####..........#
#..............#
#....(.........###### #
#.(.(..........#....# ###
#.......(......#....###..
#...........[..#....##..#
#.(............#....##.#.
#####(......@................
#..........K...<.............
#.###......>.......#......##.
#....####.###..#.........
#.######................. #.#
###...####..........# ..#
#.....####..###.....#
.#####.##..............### .#
#....................#


You could see a kobold.

Vanquished Creatures
  Jessica (D:2)
  2 bats
  A giant cockroach (D:2)
  A goblin (D:1)
  5 hobgoblins (D:2)
  3 jackals (D:2)
  2 kobolds (D:1)
  A quokka (D:2)
  A giant newt (D:1)
  2 rats (D:1)
19 creatures vanquished.

Notes
Turn   | Place    | Note
--------------------------------------------------------------
     0 | D:1      | M4edhros the Vine Stalker Monk began the quest for the Orb.
     0 | D:1      | Reached XP level 1. HP: 11/11 MP: 2/2
    85 | D:1      | Reached XP level 2. HP: 16/16 MP: 3/3
   104 | D:2      | Noticed Sigmund
   293 | D:2      | Noticed Jessica
   298 | D:2      | Killed Jessica
   298 | D:2      | Reached skill level 5 in Unarmed Combat
   298 | D:2      | Reached XP level 3. HP: 19/19 MP: 4/4
   330 | D:2      | Slain by Sigmund

Vault maps used:
D:1:      roderic_dead_forest
D:2:      grunt_temple_overflow_octagram, uniq_jessica, uniq_sigmund,
          uniq_crazy_yiuf_cottage

Skill      XL: |  1  2 |
---------------+-------+-----
Unarmed Combat | 5 |  5.3
Fighting       | |  2.6
Dodging        | |  2.4
Stealth        | |  2.4

Action                   || total
-------------------------++-------
Melee: Unarmed           ||    56
       Bite              ||    16
       Punch             ||     1
  Use: Potion            ||     1
 Stab: Sleeping          ||     2
Armor: Robe              ||     4
       Ring mail         ||    11
Dodge: Dodged            ||    39
